AoeStats
← ronaldo_nazario

Arabia

509649602Analyzed
1v1 RM · 3d ago on Sep 27, 2026· 25m 54s· 2 players
Game mode
Random Map
Map size
Tiny (2 player)
Population
200
Speed
Normal
Resources
Standard
Victory
Conquest
Starting age
Dark Age
Ending age
Imperial Age
RankedLock teamsTeams togetherTeam positionsShared explorationLock speedFull tech treeHidden civsTurbo modeCheats
Victory
Defeat
🇨🇦 Celts · Canada
1059
+16
🇪🇸 Poles · Spain
1059
-16
Piktogram
7:13 Loom
10:18 Feudal Age
13:53 Horse Collar
15:12 Double-Bit Axe
20:42 Castle Age
22:10 Scale Barding Armor
ronaldo_nazario
8:03 Loom
10:31 Feudal Age
12:49 Double-Bit Axe
15:19 Wheelbarrow
15:35 Bloodlines
17:38 Stone Mining
20:05 Castle Age
19:19 Gold Mining
20:14 Horse Collar
Connection lost

Rejoining the realm…

Still unreachable

The connection could not be restored.

Session expired

The server has moved on; the page needs a fresh start.